Map: Piattaforma kimerana

Players

Akyla - Winner!

  • Race: Protoss Protoss
  • Spawn Location: 12:00

Jhyrachy - Winner!

  • Race: Zerg Zerg
  • League: Gold
  • Spawn Location: 12:00

lolo - Winner!

  • Race: Terran Terran
  • Spawn Location: 1:00

PCPrincipal - Winner!

  • Race: Terran Terran
  • Spawn Location: 11:00

JUANX

  • Race: Zerg Zerg
  • Spawn Location: 6:00

Ihbramm

  • Race: Terran Terran
  • Spawn Location: 7:00

Magicairfafa

  • Race: Protoss Protoss
  • Spawn Location: 5:00

Bilcoyotte

  • Race: Protoss Protoss
  • Spawn Location: 6:00

VOD

Have the link to the VOD?

Description

Time

  • Played on: April 18, 2016, 11:57 a.m.
  • Length: 13:30
Show
View Real Time Build Order
Export as new Build Order

Akyla Protoss - Winner!

Build Orders: Cannon Rush 

Get SALT Encoding   

  12  0:03  Probe (Chrono Boost)  
  13  0:15  Pylon  
  13  0:20  Probe (Chrono Boost)  
  14  0:31  Probe (Chrono Boost)  
  15  0:37  Forge  
  15  0:41  Probe (Chrono Boost)  
  16  0:52  Probe (Chrono Boost)  
  17  0:59  Pylon  
  17  1:22  Photon Cannon  
  17  1:24  Photon Cannon  
  17  1:28  Photon Cannon  
  17  1:40  Pylon  
  16  2:45  Pylon  
  15  3:24  Nexus  
  15  3:32  Nexus  
  15  3:45  Photon Cannon  
  15  3:49  Photon Cannon  
  15  3:53  Pylon  
  15  3:55  Assimilator  
  15  4:00  Assimilator  
  15  4:03  Gateway  
  12  4:25  Photon Cannon  
  12  4:27  Photon Cannon  
  12  4:33  Photon Cannon  
  12  4:36  Probe (Chrono Boost)  
  13  4:43  Probe (Chrono Boost)  
  14  4:47  Probe (Chrono Boost)  
  15  5:10  Probe (Chrono Boost)  
  15  5:13  Probe (Chrono Boost)  
  18  5:21  Probe (Chrono Boost)  
  18  5:22  Probe (Chrono Boost)  
  18  5:24  Probe (Chrono Boost)  
  20  5:32  Probe x2 (Chrono Boost)  
  20  5:34  Probe (Chrono Boost)  
  23  5:42  Probe (Chrono Boost)  
  25  5:43  Probe (Chrono Boost)  
  25  5:45  Probe (Chrono Boost)  
  26  5:53  Probe x2 (Chrono Boost)  
  26  5:55  Assimilator, Probe (Chrono Boost)  
  29  6:01  Assimilator  
  29  6:03  Probe (Chrono Boost)  
  29  6:04  Probe (Chrono Boost)  
  31  6:06  Probe (Chrono Boost)  
  31  6:11  Cybernetics Core  
  32  6:13  Pylon  
  32  6:14  Probe x2 (Chrono Boost)  
  32  6:17  Probe (Chrono Boost)  
  35  6:24  Probe (Chrono Boost)  
  35  6:25  Probe (Chrono Boost)  
  37  6:27  Probe (Chrono Boost)  
  37  6:29  Pylon  
  37  6:31  Pylon  
  38  6:35  Probe x2 (Chrono Boost)  
  40  6:44  Pylon x2  
  40  6:46  Probe (Chrono Boost)  
  41  7:02  Photon Cannon  
  41  7:03  Photon Cannon  
  41  7:09  Pylon  
  41  7:11  Photon Cannon  
  41  7:14  Probe (Chrono Boost)  
  42  7:19  Assimilator  
  42  7:24  Assimilator  
  42  7:25  Probe (Chrono Boost)  
  43  7:32  Probe (Chrono Boost)  
  43  7:35  Probe (Chrono Boost)  
  45  7:43  Probe (Chrono Boost)  
  46  7:45  Stargate  
  46  7:46  Probe (Chrono Boost), Stargate  
  46  7:49  Stargate  
  47  7:52  Stargate  
  47  7:53  Probe (Chrono Boost)  
  47  7:54  Stargate  
  47  7:56  Probe (Chrono Boost)  
  47  7:57  Pylon, Protoss Shields Level 1  
  47  7:58  Protoss Air Weapons Level 1  
  49  7:59  Pylon  
  49  8:02  Pylon  
  49  8:04  Probe (Chrono Boost)  
  49  8:05  Pylon  
  50  8:07  Probe (Chrono Boost)  
  50  8:10  Pylon  
  50  8:11  Pylon  
  51  8:14  Probe (Chrono Boost)  
  51  8:17  Probe (Chrono Boost)  
  53  8:28  Probe (Chrono Boost)  
  53  8:29  Probe (Chrono Boost)  
  55  8:38  Probe (Chrono Boost)  
  55  8:39  Probe (Chrono Boost)  
  57  8:46  Void Ray  
  57  8:47  Void Ray x3  
  57  8:48  Void Ray  
  77  8:50  Probe (Chrono Boost)  
  78  9:00  Probe (Chrono Boost)  
  79  9:12  Nexus  
  79  9:14  Assimilator  
  79  9:19  Assimilator  
  79  9:23  Pylon  
  79  9:25  Pylon  
  79  9:28  Pylon  
  79  9:29  Twilight Council  
  79  9:31  Fleet Beacon  
  79  9:32  Pylon  
  79  9:36  Void Ray  
  83  9:42  Void Ray  
  83  9:45  Protoss Air Armor Level 1  
  87  9:49  Void Ray  
  91  9:56  Void Ray  
  95  10:01  Void Ray  
  99  10:38  Protoss Shields Level 2 (Chrono Boost)  
  99  10:51  Void Ray x3  
  99  10:52  Void Ray x2  
  119  11:40  Tempest x5  
  139  11:50  Robotics Facility  
Show
View Real Time Build Order
Export as new Build Order

Jhyrachy Zerg - Winner!

Build Orders: Hatch First 

Get SALT Encoding   

  12  0:01  Drone  
  13  0:09  Drone  
  14  0:17  Overlord  
  14  0:35  Drone x3  
  17  0:57  Drone  
  17  1:01  Hatchery  
  17  1:02  Drone  
  18  1:04  Extractor  
  18  1:08  Drone  
  18  1:22  Spawning Pool  
  18  1:25  Drone  
  18  1:29  Drone  
  19  1:42  Overlord  
  19  2:12  Queen, Metabolic Boost  
  19  2:14  Queen  
  23  2:16  Drone  
  23  2:17  Drone x3  
  27  2:36  Drone x2  
  27  2:37  Drone  
  30  2:47  Drone x2  
  30  2:50  Overlord  
  32  2:58  Lair  
  32  3:07  Extractor  
  32  3:10  Extractor  
  32  3:11  Extractor  
  29  3:15  Drone x3  
  29  3:16  Drone  
  33  3:20  Drone  
  34  3:44  Drone  
  34  3:45  Drone x6  
  41  3:51  Drone  
  42  4:08  Spire  
  41  4:32  Overlord x2  
  41  4:44  Drone  
  42  4:49  Overlord  
  42  4:50  Overlord x2  
  42  5:20  Mutalisk x12  
  42  5:21  Mutalisk  
  68  5:46  Zerg Flyer Weapons Level 1  
  68  6:03  Drone x6  
  74  6:05  Drone  
  75  6:18  Hatchery  
  74  6:35  Mutalisk x5  
  84  6:40  Overlord x3  
  84  6:58  Queen  
  86  7:15  Mutalisk x6  
  98  7:57  Extractor  
  97  8:00  Mutalisk  
  97  8:01  Mutalisk x4, Extractor  
  106  9:00  Drone x3  
  106  9:01  Drone x4  
  113  9:14  Zerg Flyer Weapons Level 2  
  113  9:17  Overlord x4  
  113  9:18  Overlord x2  
  113  9:35  Queen  
  113  9:37  Mutalisk x5  
  113  9:38  Mutalisk x5  
  97  11:15  Pneumatized Carapace  
  97  11:16  Overseer x2  
  97  11:25  Infestation Pit  
  96  11:31  Zerg Flyer Armor Level 1, Mutalisk x7  
  96  11:32  Mutalisk x11, Hatchery  
  131  12:01  Hive  
Show
View Real Time Build Order
Export as new Build Order

lolo Terran - Winner!

Build Orders:  

Get SALT Encoding   

  12  0:04  SCV  
  13  0:16  SCV  
  14  0:28  SCV  
  15  0:48  Supply Depot  
  15  1:05  Refinery  
  15  1:09  SCV  
  16  1:12  Barracks  
  16  1:22  SCV  
  17  1:32  Barracks  
  17  1:34  SCV  
  18  1:46  SCV  
  19  1:58  SCV  
  20  2:01  Supply Depot  
  20  2:04  Refinery  
  20  2:09  Barracks Reactor  
  20  2:10  SCV  
  21  2:22  SCV  
  22  2:27  Supply Depot  
  22  2:28  Barracks  
  22  2:34  SCV  
  23  2:46  Marine x3, SCV  
  26  2:57  Bunker  
  25  2:58  SCV  
  25  3:03  Marine  
  25  3:04  Marine  
  28  3:10  SCV  
  29  3:16  Bunker, Barracks Reactor  
  29  3:21  Marine  
  29  3:22  Marine  
  29  3:23  Orbital Command  
  31  3:31  Supply Depot  
  31  3:51  Bunker  
  31  3:52  Marine x2  
  33  3:59  Supply Depot  
  33  4:06  Supply Depot  
  33  4:10  Marine x2  
  33  4:14  Marine x2  
  36  4:28  Marine x2  
  36  4:32  Marine x2  
  25  5:09  Bunker  
Show
View Real Time Build Order
Export as new Build Order

PCPrincipal Terran - Winner!

Build Orders:  

Get SALT Encoding   

  12  0:22  SCV  
  13  0:31  Supply Depot  
  13  0:35  SCV  
  14  0:45  Refinery  
  14  0:47  SCV  
  15  0:55  Supply Depot  
  15  0:59  SCV  
  16  1:11  SCV  
  17  1:18  Supply Depot  
  17  1:23  SCV  
  18  1:35  SCV  
  19  1:41  Supply Depot  
  19  1:44  Barracks  
  19  1:56  SCV  
  20  2:04  Supply Depot  
  20  2:08  SCV  
  21  2:20  SCV  
  22  2:31  Barracks Reactor  
  22  2:32  SCV  
  22  2:33  Engineering Bay, Barracks  
  23  2:44  SCV  
  23  2:51  Command Center  
  24  3:03  Refinery  
  24  3:06  Factory  
  24  3:16  Orbital Command  
  24  3:24  Barracks Reactor  
  24  3:25  Marine x2  
  24  3:26  Supply Depot  
  26  3:33  Terran Infantry Weapons Level 1  
  26  3:43  Marine x2  
  26  3:44  SCV  
  29  3:48  Supply Depot  
  29  3:56  SCV  
  30  4:04  SCV  
  30  4:07  Marine  
  30  4:08  SCV  
  33  4:16  Marine, SCV  
  35  4:19  Marine  
  35  4:20  Refinery, SCV  
  37  4:28  SCV  
  37  4:30  Marine  
  39  4:32  Marine, SCV  
  41  4:40  SCV  
  41  4:44  Armory, SCV  
  43  4:56  SCV  
  45  5:01  Planetary Fortress  
  45  5:06  Marine x2  
  45  5:07  Marine x2  
  46  5:08  SCV  
  46  5:09  Factory Tech Lab  
  49  5:20  SCV  
  50  5:24  Marine x2  
  50  5:25  Starport  
  50  5:27  Terran Infantry Armor Level 1  
  52  5:32  SCV  
  52  5:34  Factory  
  50  5:45  SCV  
  48  5:58  SCV  
  48  6:00  SCV  
  48  6:02  Starport  
  48  6:03  Starport Tech Lab  
  50  6:08  Marine x4  
  50  6:10  SCV  
  55  6:12  SCV  
  56  6:22  SCV  
  56  6:24  SCV  
  58  6:25  Refinery  
  58  6:26  Marine x4  
  58  6:29  Terran Ship Weapons Level 1  
  62  6:34  SCV  
  62  6:36  SCV  
  64  6:40  Starport  
  64  6:44  Marine x4  
  64  6:46  SCV  
  69  6:48  SCV  
  70  7:01  Marine, Starport Tech Lab  
  71  7:08  SCV  
  72  7:20  Fusion Core, SCV  
  72  7:21  Marine x4, Terran Infantry Weapons Level 2  
  77  7:24  Command Center, Starport Tech Lab  
  77  7:32  SCV  
  78  7:39  Marine x3, SCV  
  78  7:40  Refinery  
  82  7:45  SCV  
  82  7:51  SCV  
  84  7:52  Supply Depot  
  84  7:57  SCV  
  85  8:03  SCV  
  84  8:09  SCV  
  83  8:15  SCV  
  83  8:16  Supply Depot  
  83  8:21  Battlecruiser  
  83  8:22  Battlecruiser x2, Barracks  
  83  8:24  Terran Vehicle Weapons Level 1  
  101  8:27  SCV  
  102  8:34  SCV  
  102  8:39  SCV  
  104  8:42  Supply Depot  
  104  8:45  Factory Tech Lab  
  104  8:46  SCV  
  105  8:49  Thor  
  105  8:51  SCV  
  112  8:58  SCV  
  113  9:02  Marine  
  113  9:03  Marine x3, SCV  
  118  9:11  Planetary Fortress, SCV  
  118  9:15  SCV  
  120  9:20  Marine x3  
  120  9:21  Marine  
  120  9:23  SCV  
  125  9:26  Battlecruiser  
  125  9:29  Behemoth Reactor  
  131  9:33  SCV  
  131  9:35  SCV  
  131  9:38  Marine  
  132  9:45  SCV  
  132  9:47  SCV  
  134  9:58  Barracks Reactor, SCV  
  134  9:59  SCV  
  136  10:07  Refinery  
  136  10:10  SCV  
  137  10:15  Command Center  
  137  10:18  Terran Vehicle And Ship Armor Level 1  
  137  10:22  Thor x2  
  137  10:24  Marine x2  
  137  10:25  Marine x2  
  137  10:34  Battlecruiser  
  133  10:42  Marine x3  
  132  10:43  Marine  
  135  11:00  Marine x4  
  135  11:04  SCV  
  140  11:14  Supply Depot  
  140  11:16  SCV  
  140  11:18  Marine  
  142  11:22  Command Center  
  142  11:25  Refinery  
  142  11:28  SCV  
  143  11:34  Refinery  
  143  11:40  SCV  
  143  11:44  Command Center  
  144  11:52  SCV  
  145  11:57  Command Center  
  145  11:58  Supply Depot  
  145  12:04  SCV  
  145  12:09  Thor x2  
  143  12:16  SCV  
  143  12:21  Supply Depot  
  142  12:28  SCV  
  141  12:52  Planetary Fortress  
  135  13:01  SCV  
  136  13:10  SCV  
  137  13:13  SCV  
  137  13:18  Refinery  
Show
View Real Time Build Order
Export as new Build Order

JUANX Zerg 

Build Orders: Pool First 

Get SALT Encoding   

  12  1:44  Drone x2  
  12  1:45  Overlord  
  14  2:06  Spawning Pool  
  13  2:11  Hatchery  
  13  2:12  Drone x2  
  14  2:16  Extractor  
  14  2:18  Extractor  
  12  3:18  Drone x3  
  15  3:26  Roach Warren  
  14  3:28  Hatchery  
  14  3:29  Drone  
  14  3:49  Queen  
  14  3:54  Drone x2  
  14  3:55  Drone x3  
  21  4:19  Roach x3  
  21  4:20  Overlord  
  21  4:21  Overlord  
  27  4:41  Hatchery  
  28  4:45  Roach  
  28  4:46  Roach x4  
  36  5:18  Lair  
  36  5:22  Drone  
  36  5:23  Drone x5  
  36  5:24  Drone x4  
  46  5:44  Roach x2  
  46  5:46  Overlord x2  
  50  6:01  Spore Crawler  
  50  6:03  Spore Crawler x2  
  50  6:04  Spore Crawler  
  46  6:10  Spore Crawler  
  46  6:11  Spore Crawler  
  44  6:13  Spore Crawler  
  27  7:07  Drone  
  27  7:08  Drone x4  
  32  7:10  Hydralisk Den  
  32  7:11  Drone  
  32  7:12  Drone x5  
  37  7:18  Extractor  
  37  7:21  Extractor  
  35  7:33  Drone x3  
  35  7:34  Drone x3  
  41  8:03  Muscular Augments  
  41  8:18  Hydralisk x4  
  41  8:19  Hydralisk x6  
  55  8:20  Hydralisk x5  
  68  8:53  Hydralisk x2  
  68  8:55  Overlord x3  
  72  9:18  Hydralisk  
  72  9:19  Hydralisk x5  
  72  9:20  Hydralisk x3  
  90  9:45  Evolution Chamber  
  89  9:52  Evolution Chamber  
  32  10:44  Hydralisk x3  
  32  10:45  Hydralisk x4  
  32  10:46  Hydralisk x4  
  32  10:47  Hydralisk x3  
  60  11:01  Zerg Missile Weapons Level 1  
  60  11:27  Hydralisk x4  
  60  11:28  Hydralisk  
  60  11:30  Overlord x2  
  70  11:33  Hatchery  
Show
View Real Time Build Order
Export as new Build Order

Ihbramm Terran 

Build Orders:  

Get SALT Encoding   

  12  0:01  SCV  
  13  0:13  SCV  
  14  0:19  Supply Depot  
  14  0:26  SCV  
  15  0:42  Barracks  
  15  0:44  SCV  
  16  0:56  Refinery, SCV  
  17  1:07  Supply Depot  
  17  1:08  SCV  
  18  1:20  SCV  
  20  1:32  SCV  
  20  1:34  Barracks  
  20  1:42  Supply Depot  
  20  1:43  Reaper  
  20  1:45  SCV  
  22  1:56  Bunker  
  22  2:00  SCV  
  23  2:03  Refinery  
  23  2:12  SCV  
  23  2:13  Engineering Bay  
  23  2:15  Reaper  
  25  2:22  Supply Depot  
  25  2:23  Reaper  
  26  2:53  Reaper  
  27  3:08  Reaper  
  27  3:11  Orbital Command  
  28  3:15  Factory  
  28  3:31  Missile Turret, Marine  
  29  3:45  Marine  
  29  3:47  Terran Infantry Weapons Level 1  
  30  3:49  Marine  
  31  3:55  Factory  
  31  3:57  Supply Depot  
  31  4:03  Marine  
  31  4:06  Marine  
  33  4:20  Supply Depot  
  32  4:50  Reaper x2  
  34  5:04  Factory Tech Lab  
  34  5:05  Factory Tech Lab  
  34  5:08  Factory  
  34  5:15  Command Center  
  34  5:16  Armory  
  34  5:22  Reaper x2  
  36  5:54  Reaper  
  33  5:58  Missile Turret  
  33  6:04  Marine  
  33  6:05  Missile Turret  
  33  6:09  Missile Turret  
  34  6:12  Missile Turret, Terran Vehicle Weapons Level 1  
  34  6:14  Thor  
  34  6:18  Missile Turret  
  38  6:21  Marine  
  38  6:26  Marine  
  38  6:32  Factory Tech Lab  
  39  6:36  Orbital Command  
  39  6:39  Marine  
  40  6:47  Starport  
  40  6:48  Missile Turret  
  40  6:55  Barracks  
  40  7:00  Orbital Command, Marine  
  40  7:01  Marine  
  42  7:08  Missile Turret  
  42  7:18  Marine x2  
  44  7:26  Medivac  
  44  7:28  Missile Turret  
  44  7:29  Missile Turret  
  46  7:35  SCV x2  
  46  7:36  Marine  
  49  7:37  Refinery  
  49  7:39  Refinery  
  49  7:43  Barracks  
  49  7:44  Barracks Tech Lab  
  49  7:45  Starport  
  49  7:47  Missile Turret, SCV  
  50  7:56  Medivac  
  52  8:17  Thor  
  58  8:22  SCV  
  58  8:26  SCV  
  60  8:34  SCV  
  60  8:36  Supply Depot  
  60  8:38  Missile Turret, SCV  
  62  8:42  Missile Turret  
  62  8:46  SCV  
  63  8:48  Thor  
  63  8:50  SCV  
  70  8:58  Missile Turret, SCV  
  70  8:59  Supply Depot  
  70  9:00  Marine x4  
  75  9:05  Stimpack  
  75  9:09  Thor  
  81  9:18  Marine x4  
  85  9:36  Marine x4  
  75  9:53  Terran Ship Weapons Level 1  
  75  9:54  Marine x2  
  75  9:55  Starport  
  75  9:57  Starport Reactor  
  75  9:58  Starport Reactor  
  73  10:07  SCV  
  73  10:12  Barracks Reactor  
  74  10:19  SCV  
  75  10:25  Starport  
  75  10:31  SCV  
  75  10:33  Command Center  
  76  10:38  Marine x3  
  74  10:49  Viking x3  
  73  10:50  Viking  
  73  10:55  Marine x2  
  73  10:56  Marine x2  
  73  10:57  Marine  
  78  11:04  Starport Reactor x2  
  79  11:10  Terran Infantry Weapons Level 2  
  79  11:13  Marine x3  
  79  11:14  Marine x2  
  84  11:19  Viking x3  
  90  11:30  Hellion  
  90  11:32  Hellion  
  94  11:39  Supply Depot  
  94  11:41  Supply Depot  
  94  11:42  Supply Depot  
  94  12:00  Viking x2  
  94  12:01  Hellion x2  
  102  12:02  Thor, Viking  
  58  12:23  Marine x2  
  58  12:24  Marine x3  
  34  12:41  Marine x2  
Show
View Real Time Build Order
Export as new Build Order

Magicairfafa Protoss 

Build Orders: Cannon Rush 

Get SALT Encoding   

  12  0:02  Probe (Chrono Boost)  
  13  0:21  Pylon  
  13  0:24  Probe (Chrono Boost)  
  14  0:35  Probe (Chrono Boost)  
  15  0:41  Forge  
  15  0:45  Probe (Chrono Boost)  
  16  0:57  Pylon  
  16  1:06  Pylon  
  16  1:26  Photon Cannon  
  16  1:29  Photon Cannon  
  16  1:33  Pylon  
  16  1:43  Photon Cannon  
  15  2:46  Photon Cannon  
  15  2:47  Photon Cannon  
  15  2:48  Photon Cannon, Pylon  
  15  3:11  Pylon  
  15  3:38  Photon Cannon  
  15  3:39  Photon Cannon  
Show
View Real Time Build Order
Export as new Build Order

Bilcoyotte Protoss 

Build Orders: Double Forge 

Get SALT Encoding   

  12  0:03  Probe (Chrono Boost)  
  13  0:27  Probe (Chrono Boost)  
  13  0:28  Pylon  
  15  0:43  Probe (Chrono Boost)  
  15  0:49  Gateway  
  15  0:57  Probe (Chrono Boost)  
  15  0:58  Assimilator  
  16  1:14  Forge  
  16  1:19  Probe (Chrono Boost)  
  17  1:32  Pylon  
  17  1:34  Probe (Chrono Boost)  
  17  1:39  Zealot  
  20  2:04  Pylon  
  20  2:25  Photon Cannon  
  18  2:38  Photon Cannon  
  18  2:58  Cybernetics Core  
  18  3:07  Forge  
  18  3:08  Probe (Chrono Boost)  
  19  3:18  Probe (Chrono Boost)  
  20  3:29  Probe (Chrono Boost)  
  20  3:33  Pylon  
  21  3:35  Stalker  
  21  3:39  Probe (Chrono Boost)  
  24  3:47  Photon Cannon  
  24  3:50  Probe (Chrono Boost)  
  24  3:55  Gateway  
  25  4:00  Probe (Chrono Boost), Photon Cannon  
  26  4:05  Protoss Ground Weapons Level 1  
  26  4:11  Probe (Chrono Boost)  
  27  4:17  Gateway  
  27  4:21  Probe (Chrono Boost)  
  28  4:32  Probe (Chrono Boost)  
  28  4:37  Stalker  
  31  4:57  Nexus  
  31  5:08  Stalker (Chrono Boost)  
  31  5:10  Stalker x2 (Chrono Boost)  
  39  5:35  Zealot (Chrono Boost)  
  39  5:38  Assimilator  
  39  5:41  Photon Cannon, Zealot (Chrono Boost), Stalker (Chrono Boost)  
  43  5:51  Mothership Core  
  45  5:59  Stalker (Chrono Boost)  
  45  6:03  Assimilator  
  47  6:08  Assimilator  
  47  6:09  Pylon  
  47  6:14  Pylon  
  47  6:16  Pylon  
  47  6:18  Pylon  
  47  6:23  Stalker (Chrono Boost)  
  49  6:34  Pylon  
  49  6:35  Probe  
  49  6:37  Probe  
  51  6:46  Probe  
  51  6:49  Probe  
  53  6:56  Probe  
  53  6:59  Stalker (Chrono Boost)  
  53  7:01  Probe  
  61  7:03  Stalker x2 (Chrono Boost)  
  61  7:07  Probe  
  61  7:13  Probe  
  63  7:17  Probe  
  64  7:25  Probe, Stalker (Chrono Boost)  
  64  7:28  Probe  
  70  7:33  Stalker (Chrono Boost)  
  70  7:35  Twilight Council  
  70  7:37  Probe  
  70  7:40  Stargate  
  70  7:42  Stargate  
  71  8:02  Stalker (Chrono Boost)  
  71  8:05  Nexus  
  77  8:06  Stalker x2 (Chrono Boost)  
  77  8:08  Assimilator  
  77  8:13  Protoss Shields Level 1  
  77  8:27  Protoss Air Weapons Level 1  
  77  8:28  Stalker (Chrono Boost)  
  78  8:56  Blink  
  78  9:07  Stalker (Chrono Boost)  
  84  9:11  Stalker x2 (Chrono Boost)  
  84  9:20  Forge  
  84  9:33  Stalker (Chrono Boost)  
  86  9:42  Probe  
  86  9:43  Probe  
  88  9:53  Probe  
  88  9:55  Probe  
  90  10:03  Probe  
  95  10:07  Stalker (Chrono Boost)  
  95  10:08  Probe  
  95  10:11  Stalker x2 (Chrono Boost)  
  98  10:20  Probe  
  91  10:33  Stalker (Chrono Boost)  
  67  10:41  Stalker (Chrono Boost)  
  55  10:48  Stalker (Chrono Boost)  
  57  10:50  Gateway  
  57  10:51  Gateway  
  57  10:54  Gateway  
  57  10:59  Stalker (Chrono Boost)  
  59  11:08  Nexus  
  59  11:11  Stalker (Chrono Boost)  
  61  11:15  Stalker (Chrono Boost)  
  61  11:17  Pylon  
  63  11:19  Pylon  
  63  11:20  Assimilator  
  65  11:27  Stalker (Chrono Boost)  
  65  11:39  Stalker (Chrono Boost)  
  67  11:43  Stalker x2 (Chrono Boost)  
  67  11:44  Stalker (Chrono Boost)  
  67  11:45  Stalker (Chrono Boost)  
  77  11:58  Stalker (Chrono Boost)  
  79  12:09  Stalker (Chrono Boost)  
  79  12:10  Stalker x2 (Chrono Boost)  
  79  12:15  Stalker (Chrono Boost)  
  87  12:16  Stalker (Chrono Boost)  
  87  12:28  Stalker (Chrono Boost)  
  59  12:36  Stalker x2 (Chrono Boost)  
  63  12:39  Stalker (Chrono Boost)  
  67  12:46  Stalker (Chrono Boost)  
  67  12:51  Photon Cannon  
  67  12:52  Photon Cannon  
  67  12:55  Photon Cannon  
  67  12:56  Photon Cannon  
  67  12:58  Photon Cannon  
  67  12:59  Photon Cannon  
  67  13:02  Stalker x2 (Chrono Boost)  
Tags
 
Add a new tag
Caveats
  • Supply blocks, unpowered buildings, or Contaminate may cause inaccurate times.
  • Supply counts are checked every 10 seconds.